 Dungeon Sprint DCSS version 0.26-a0-660-gc07710193c (webtiles) character file.

Game seed: 17758793852459706464

58 sahdkjhfkaj the Conjurer (level 4, -10/31 HPs)
             Began as an Octopode Conjurer on Oct 7, 2020.
             Was an Initiate of Gozag.
             Mangled by a troll (13 damage)
             ... in the Dungeon (Sprint IX: "|||||||||||||||||||||||||||||").
             The game lasted 00:01:52 (398 turns).

sahdkjhfkaj the Conjurer (Octopode Conjurer)         Turns: 398, Time: 00:01:52

Health: -10/31     AC:  1    Str:  6    XL:     4   Next: 1%
Magic:  0/9        EV: 18    Int: 21    God:    Gozag
Gold:   0          SH:  0    Dex: 10    Spells: 7/10 levels left

rFire    . . .     SeeInvis .   j - +2 scimitar (flame)
rCold    . . .     Faith    .   (no shield)
rNeg     . . .     Spirit   .   (helmet restricted)
rPois    .         Reflect  .   (no amulet)
rElec    .         Harm     .   k - +2 ring of evasion
rCorr    .         Rampage  .   l - +2 ring of evasion
MR       .....     NoTele   +   (no ring)
Stlth    +++.......             (no ring)
HPRegen  0.10/turn              (no ring)
MPRegen  0.11/turn              (no ring)
                                (no ring)
                                (no ring)

@: gold aura
A: almost no armour, stealthy swim, amphibious, 8 rings, constrict 8, camouflage
1, gelatinous body 1
a: Potion Petition, Call Merchant, Bribe Branch, Renounce Religion


You were in the Dungeon.
You worshipped Gozag.
Gozag was noncommittal.
You visited 1 branch

Inventory:

Hand Weapons
 j - a +2 scimitar of flaming (weapon)
Jewellery
 k - a +2 ring of evasion (left tentacle)
 l - a +2 ring of evasion (right tentacle)
Wands
 i - a wand of acid (10)
Scrolls
 f - 3 scrolls of remove curse
 g - 2 scrolls of blinking
 h - 2 scrolls of amnesia
Potions
 a - a potion of invisibility
 b - 5 potions of curing
 c - 3 potions of heal wounds
 d - a potion of haste
 e - 4 potions of magic


   Skills:
 + Level 3.4 Fighting
 + Level 4.1 Dodging
 - Level 2.6 Stealth
 + Level 3.8 Spellcasting
 + Level 5.4 Conjurations


You had 7 spell levels left.
You knew the following spells:

 Your Spells              Type           Power        Failure   Level
a - Magic Dart            Conj           ####         1%          1
b - Searing Ray           Conj           ####..       1%          2

Your spell library contained the following spells:

 Spells                   Type           Power        Failure   Level
 Dazzling Flash           Conj/Hex       ###...       12%         3
 Fulminant Prism          Conj/Hex       ###.......   36%         4
 Iskenderun's Mystic Bla  Conj/Tloc      ###.....     36%         4


Dungeon Overview and Level Annotations

Branches:
Dungeon (1/1)

Altars:
Cheibriados
Dithmenos
Elyvilon
Fedhas
Gozag
Hepliaklqana
Kikubaaqudgha
Makhleb
Nemelex Xobeh
Okawaru
Qazlal
Ru
Sif Muna
Trog
Uskayaw
Vehumet
Wu Jian
Xom
Yredelemnul
Zin
The Shining One
Beogh
Jiyva
Lugonu


Innate Abilities, Weirdness & Mutations

You cannot wear most types of armour.
You are very stealthy in the water. (Stealth+)
You are amphibious.
You can wear up to eight rings at the same time.
You can use your tentacles to constrict eight enemies at once.
Your skin changes colour to match your surroundings (Stealth+).
Your rubbery body absorbs attacks. (AC +1, EV +1)


Message History

Press: ? - help, Shift-Dir - straight line, f - troll
Aim: a troll (severely wounded, unaware, hasn't noticed you)
The searing ray misses the troll.
The searing ray hits the two-headed ogre!
The two-headed ogre is heavily wounded. (Press . to maintain the ray.)
The troll shouts!
Unknown command.
The searing ray hits the troll.
The troll is almost dead.
The troll is no longer distracted by gold.
The searing ray hits the two-headed ogre!
The two-headed ogre is severely wounded.
The orc wizard is no longer distracted by gold.
The troll bites you!
Ouch! That really hurt!
* * * LOW HITPOINT WARNING * * *
The troll closely misses you. The troll claws you!
You die...
Your body crumbles into a pile of gold.

$
▓.▓
$
▓)▓
$
▓.▓
▓[▓
$
▓[▓
▓[▓
$
▓.▓
▓.▓
$
▓@▓
▓T▓
$ $
▓O▓
$
▓.▓
$ $
▓.▓
$
▓.▓
$
▓o▓
▓+▓


You could see a two-headed ogre, a troll and an orc wizard.

Vanquished Creatures
  A worker ant (D)
  An adder (D)
  An ufetubus (D)
  An ooze (D)
  An adder skeleton (D)
  A leopard gecko (D)
  A bat (D)
  A bat skeleton (D)
  2 goblins (D)
  A hobgoblin (D)
  A quokka zombie (D)
  A rat (D)
13 creatures vanquished.

Notes
Turn   | Place    | Note
-------+----------+-------------------------------------------
     0 | D        | sahdkjhfkaj the Octopode Conjurer began the quest for the
                  | Orb.
     0 | D        | Reached XP level 1. HP: 11/11 MP: 3/3
     9 | D        | Reached skill level 1 in Fighting
   159 | D        | Noticed a worker ant
   163 | D        | Reached XP level 2. HP: 13/18 MP: 0/5
   173 | D        | Reached skill level 5 in Conjurations
   173 | D        | Reached XP level 3. HP: 20/26 MP: 1/8
   336 | D        | Learned a level 2 spell: Searing Ray
   340 | D        | Found a roughly hewn altar of Beogh.
   340 | D        | Found a snail-covered altar of Cheibriados.
   340 | D        | Found a shadowy altar of Dithmenos.
   340 | D        | Found a white marble altar of Elyvilon.
   340 | D        | Found a blossoming altar of Fedhas.
   340 | D        | Found an opulent altar of Gozag.
   341 | D        | Found a hazy altar of Hepliaklqana.
   342 | D        | Found a viscous altar of Jiyva.
   343 | D        | Found an ancient bone altar of Kikubaaqudgha.
   344 | D        | Found a corrupted altar of Lugonu.
   345 | D        | Found a burning altar of Makhleb.
   346 | D        | Found a sparkling altar of Nemelex Xobeh.
   347 | D        | Found an iron altar of Okawaru.
   348 | D        | Found a stormy altar of Qazlal.
   349 | D        | Found a sacrificial altar of Ru.
   352 | D        | Became a worshipper of Gozag Ym Sagoz the Greedy
   355 | D        | Found a shimmering blue altar of Sif Muna.
   356 | D        | Found a bloodstained altar of Trog.
   357 | D        | Found a hide-covered altar of Uskayaw.
   358 | D        | Found a radiant altar of Vehumet.
   359 | D        | Found an ornate altar of the Wu Jian Council.
   360 | D        | Found a shimmering altar of Xom.
   361 | D        | Found a basalt altar of Yredelemnul.
   362 | D        | Found a glowing silver altar of Zin.
   363 | D        | Found a glowing golden altar of the Shining One.
   391 | D        | Noticed a troll
   391 | D        | Noticed a two-headed ogre
   394 | D        | Reached XP level 4. HP: 29/31 MP: 6/9
   398 | D        | Mangled by a troll

Illustrated notes

Levels and vault maps discovered:
D:        linesprint [early_d, line_temple, items_1, d_10, items_2, lair_1,
          lair_end, items_3, orc_1, orc_end, items_4, d_15, swamp_1, shoals_1,
          snake_1, spider_1, d_20, vaults_1, items_5, swamp_end, shoals_end,
          snake_end, spider_end, vaults_end, d_27, items_6, zot_1, zot_end,
          crypt_end, forest_end, elf_end, slime_end, tomb_end, abyss_end,
          pan_hell_end]

Skill      XL: |  1  2  3 |
---------------+----------+-----
Fighting       | 1 3 |  3.4
Dodging        | 3 4 |  4.1
Spellcasting   | 3 |  3.8
Conjurations   | 5 |  5.4
Stealth        | |  2.6

Action                   |  1- 3 |  4- 6 || total
-------------------------+-------+-------++-------
Melee: Unarmed           |    29 |       ||    29
       Constrict         |     6 |       ||     6
       Tentacles         |     4 |       ||     4
 Cast: Magic Dart        |     4 |       ||     4
       Searing Ray       |     1 |     1 ||     2
  Use: Potion            |     1 |       ||     1
Armor: Skin              |     3 |       ||     3
Dodge: Dodged            |    19 |     3 ||    22
       Rpst.: Scimitar   |     1 |       ||     1

Table legend: (Time is in decaauts)
 A = Elapsed time spent in this place.
 B = Non-inter-level travel time spent in this place.
 C = Inter-level travel time spent in this place.
 D = Time resting spent in this place.
 E = Time spent auto-exploring this place.
 F = Levels seen in this place.
 G = Mean time per level.
                   A        B        C        D        E       F      G
               +--------+--------+--------+--------+--------+-----+--------+
         Total |    404 |    404 |      0 |    162 |    154 |   1 |  404.0 |
       Dungeon |    404 |    404 |      0 |    162 |    154 |   1 |  404.0 |
               +--------+--------+--------+--------+--------+-----+--------+

Top non-repeatable levels by time:
       D: 404 daAuts
